 Dungeon Crawl Stone Soup version 0.17-a0-1997-ga88ed7d (webtiles) character file.

219 Ordine the Skirmisher (level 5, -2/39 HPs)
             Began as an Octopode Fighter on Oct 8, 2015.
             Slain by Robin
             ... wielding a +0 spear
              (6 damage)
             ... on level 3 of the Dungeon.
             The game lasted 00:07:30 (1761 turns).

Ordine the Skirmisher (Octopode Fighter)            Turns: 1761, Time: 00:07:30

Health: -2/39      AC:  1    Str: 15    XL:     5   Next: 96%
Magic:  5/5        EV: 10    Int: 11    God:
Gold:   132        SH:  0    Dex:  9    Spells: 0 memorised, 4 levels left

rFire  . . .     SeeInvis .     a - +0 long sword
rCold  . . .     Clarity  .     b - +0 shield
rNeg   . . .     SustAt   .     (helmet restricted)
rPois  .         Gourm    .     (no amulet)
rElec  .         Spirit   .     p - ring of stealth
rCorr  .         Warding  .     s - -3 ring of dexterity (curse)
rMut   .         Stasis   .     k - ring of wizardry
MR     .....                    (no ring)
Stlth  +++.......               (no ring)
                                (no ring)
                                (no ring)
                                (no ring)

@: confused, not resistant to hostile enchantments, fairly stealthy
A: almost no armour, amphibious, 8 rings, constrict 8, camouflage 1, gelatinous
body 1
a: no special abilities


You were on level 3 of the Dungeon.
You were not hungry.

You visited 1 branch of the dungeon, and saw 3 of its levels.

You collected 132 gold pieces.

Inventory:

Hand Weapons
 a - a +0 long sword (weapon)
Missiles
 e - 43 stones
 i - 2 tomahawks (quivered)
 u - 23 poisoned needles
Armour
 b - a +0 shield (worn)
Jewellery
 k - a ring of wizardry (on tentacle)
 p - a ring of stealth (left tentacle)
 s - a cursed -3 ring of dexterity (right tentacle)
Wands
 v - a wand of cold (8)
Scrolls
 g - a scroll of teleportation
 t - a scroll of recharging
Potions
 f - a potion of brilliance
 h - a potion of ambrosia
 j - a potion of resistance {unknown}
 l - a potion of invisibility {unknown}
 o - a potion of poison {unknown}
 q - a potion of heal wounds {unknown}
 r - 2 potions of agility {unknown}
Comestibles
 c - 2 fruits
 d - 2 bread rations
 m - a slice of pizza
 n - 2 meat rations


   Skills:
 + Level 5.0 Fighting
 + Level 4.4 Long Blades
 - Level 3.0 Dodging
 - Level 3.0 Shields


You had 4 spell levels left.
You didn't know any spells.

Dungeon Overview and Level Annotations

Branches:
Dungeon (3/15)

Altars:
Fedhas
Kikubaaqudgha
Trog
Yredelemnul

Annotations:
D:3 Robin


Innate Abilities, Weirdness & Mutations

You cannot wear most types of armour.
You are amphibious.
You can wear up to eight rings at the same time.
You can use your tentacles to constrict eight enemies at once.
Your skin changes colour to match your surroundings (Stealth).
Your rubbery body absorbs attacks (AC +1).


Message History

Unknown command.
You slash the hobgoblin!
You kill the hobgoblin!
Robin closely misses you.
You closely miss the hobgoblin. Your grab misses the hobgoblin.
Robin hits you from afar with a spear.
* * * LOW HITPOINT WARNING * * *
The hobgoblin hits you but does no damage.
You barely miss the hobgoblin. You grab the hobgoblin.
You constrict the hobgoblin. You block Robin's attack.
The hobgoblin hits you with a club.
* * * LOW HITPOINT WARNING * * *
Robin hits you but does no damage.
Drink which item? (? for menu, Esc to quit)
It was a potion of ambrosia.
You are confused.
You feel invigorated.
You constrict the hobgoblin.
You kill the hobgoblin!
Robin hits you from afar with a spear.
You die...

########... .#
...........##.##
.........g.g.g.#
........[...g..#####
...........gg......#
.........#.#g####
...<.....#......# #
.........#....####.#
...............)@).#
##+##.........g#####
#.##.#.#...#
#......#...#
###.##.#g..#
#.............#
#####.###.#.#.# ..
..#.#.# .## .# .


You could see Robin.

Vanquished Creatures
  Sigmund (D:2)
  An adder (D:2)
  2 giant geckos
  A giant cockroach (D:3)
  9 hobgoblins
  3 jackals (D:1)
  6 kobolds
  2 quokkas (D:2)
  A ball python (D:1)
  6 bats
  2 giant newts (D:2)
  9 goblins
  7 rats
50 creatures vanquished.

Notes
Turn   | Place    | Note
--------------------------------------------------------------
     0 | D:1      | Ordine the Octopode Fighter began the quest for the Orb.
     0 | D:1      | Reached XP level 1. HP: 16/16 MP: 1/1
    37 | D:1      | Reached XP level 2. HP: 13/21 MP: 2/2
    41 | D:1      | HP: 1/21 [hobgoblin/club (4)]
   702 | D:1      | Reached XP level 3. HP: 26/26 MP: 3/3
   873 | D:2      | Found a blossoming altar of Fedhas.
   873 | D:2      | Found an ancient bone altar of Kikubaaqudgha.
   874 | D:2      | Found a basalt altar of Yredelemnul.
   977 | D:2      | Found a bloodstained altar of Trog.
  1041 | D:2      | Noticed Sigmund
  1045 | D:2      | Killed Sigmund
  1045 | D:2      | Reached skill level 4 in Fighting
  1045 | D:2      | Reached XP level 4. HP: 15/34 MP: 4/4
  1045 | D:2      | Reached XP level 5. HP: 16/38 MP: 5/5
  1730 | D:3      | Noticed Robin
  1739 | D:3      | Reached skill level 5 in Fighting
  1760 | D:3      | HP: 1/39 [hobgoblin/club (5)]
  1761 | D:3      | Slain by Robin

Vault maps used:
D:1:      grunt_arrival_crossed_arrows
D:2:      old_standard_altar, gammafunk_temple_overflow_claw, uniq_sigmund
D:3:      kennysheep_big_flooded_room, old_standard_altar, first_bread,
          serial_bayou_pond_d, kennysheep_generic_room_15, uniq_robin, uniq_iyjb

Action                   |  1- 3 |  4- 6 || total
-------------------------+-------+-------++-------
Melee: Long sword        |    51 |    40 ||    91
Throw: Stone             |     1 |       ||     1
       Tomahawk          |       |     3 ||     3
  Use: Scroll            |     4 |     3 ||     7
       Potion            |     1 |     1 ||     2
 Stab: Sleeping          |     6 |     2 ||     8
  Eat: Chunk             |       |     3 ||     3
